 Dungeon Crawl Stone Soup version 0.29.1-15-g9cfb28693d (webtiles) character file.

Game seed: 3489164127388264442

352 GigaChad the Chopper (level 6, -5/52 HPs)
             Began as a Minotaur Gladiator on Mar 11, 2023.
             Was an Initiate of Gozag.
             Slain by a lemure (8 damage)
             ... led by Pikel
             ... on level 4 of the Dungeon.
             The game lasted 00:03:41 (3827 turns).

GigaChad the Chopper (Minotaur Gladiator)           Turns: 3827, Time: 00:03:42

Health: -5/52      AC:  3    Str: 21    XL:     6   Next: 35%
Magic:  5/5        EV: 12    Int:  5    God:    Gozag
Gold:   121        SH:  0    Dex: 11    Spells: 5/5 levels left

rFire   . . .      SeeInvis .   a - +0 war axe
rCold   . . .      Faith    .   (no shield)
rNeg    . . .      Spirit   .   b - +0 leather armour
rPois   .          Reflect  .   c - +0 hat
rElec   .          Harm     .   (no cloak)
rCorr   .          Rampage  .   (no gloves)
Will    .....                   (no boots)
Stlth   +.........              (no amulet)
HPRegen 0.17/turn               (no ring)
MPRegen 0.09/turn               (no ring)

@: no status effects
A: horns 2, retaliatory headbutt
a: Renounce Religion, Potion Petition, Call Merchant, Bribe Branch


You were on level 4 of the Dungeon.
You worshipped Gozag.
Gozag was aware of your devotion.
You visited 2 branches of the dungeon, and saw 5 of its levels.

You collected 181 gold pieces.
You paid 60 gold pieces to Gozag.

Inventory:

Hand Weapons
 a - a +0 war axe (weapon)
Missiles
 d - 3 throwing nets (quivered)
 e - 5 javelins
Armour
 b - a +0 leather armour (worn)
 c - a +0 hat (worn)
Jewellery
 p - a +6 ring of strength
Wands
 w - a wand of quicksilver (11)
Scrolls
 f - a scroll of teleportation {unknown}
 h - a scroll of amnesia {unknown}
 i - a scroll of magic mapping {unknown}
 m - a scroll of acquirement {unknown}
 o - 3 scrolls of enchant armour
 t - a scroll of poison {unknown}
 u - a scroll of immolation {unknown}
 v - a scroll of identify
 x - a scroll of silence {unknown}
 y - a scroll of vulnerability {unknown}
Potions
 g - 2 potions of magic {unknown}
 j - a potion of mutation {unknown}
 k - a potion of heal wounds {unknown}
 l - a potion of attraction {unknown}
 n - 3 potions of might {unknown}
 q - 2 potions of brilliance {unknown}
 r - a potion of haste {unknown}
 s - a potion of lignification {unknown}


   Skills:
 + Level 4.0 Fighting
 + Level 6.3 Axes
 + Level 2.1 Throwing
 + Level 2.8 Armour
 + Level 4.3 Dodging
 + Level 0.8 Stealth


You had 5 spell levels left.
You didn't know any spells.
Your spell library contained the following spells:

 Spells                   Type           Power      Damage    Failure   Level
 Sandblast                Erth           0%         2d4       52%         1
 Blink                    Tloc           0%         N/A       67%         2
 Passwall                 Tmut/Erth      0%         N/A       67%         2
 Gell's Gravitas          Tloc           0%         N/A       88%         3
 Ignite Poison            Fire/Tmut/Pois 0%         N/A       88%         3
 Lesser Beckoning         Tloc           0%         N/A       88%         3
 Mephitic Cloud           Conj/Pois/Air  0%         N/A       88%         3
 Stone Arrow              Conj/Erth      0%         3d7       88%         3
 Teleport Other           Tloc           0%         N/A       88%         3
 Freezing Cloud           Conj/Ice/Air   0%         6-21      100%        5
 Manifold Assault         Tloc           0%         N/A       100%        5


Dungeon Overview and Level Annotations

Branches:
Dungeon (4/15)             Temple (1/1) D:4

Altars:
Ashenzari
Fedhas
Gozag
Hepliaklqana
Kikubaaqudgha
Makhleb
Nemelex Xobeh
Okawaru
Qazlal
Ru
Sif Muna
Trog
Vehumet
Xom
Yredelemnul
Zin
The Shining One

Shops:
D:1 (*(*

Annotations:
D:4 Pikel


Innate Abilities, Weirdness & Mutations

You have a pair of horns on your head.
You reflexively headbutt those who attack you in melee.


Message History

You are too injured to fight recklessly!
You are too injured to fight recklessly!
Unknown command.
You are too injured to fight recklessly!
You are too injured to fight recklessly!
You are too injured to fight recklessly!
You hit the lemure but do no damage. Your headbutt misses the lemure.
The lemure is heavily wounded.
You closely miss Pikel. Pikel closely misses you. The lemure hits you.
You closely miss the lemure.
The lemure is heavily wounded.
You barely miss Pikel. You hit the lemure but do no damage.
Pikel barely misses you. You furiously retaliate!
You headbutt Pikel! The lemure misses you. The lemure barely misses you.
You slash the lemure!
The lemure is severely wounded.
You hit the lemure. You hit Pikel.
Pikel hits you with a +0 whip of freezing!
* * * LOW HITPOINT WARNING * * *
Pikel freezes you.
* * * LOW HITPOINT WARNING * * *
The lemure barely misses you. The lemure hits you.
* * * LOW HITPOINT WARNING * * *
You slash the lemure!
You kill the lemure!
That felt strangely unrewarding.
You barely miss Pikel. You barely miss the lemure.
Pikel says, "You'll make a fine lemure."
Pikel barely misses you. The lemure barely misses you. You furiously retaliate!
You headbutt the lemure, but do no damage.
As you read the scroll labelled TUOLEA COHAI, it crumbles to dust.
It is a scroll of identify.
o - 3 scrolls of enchant armour Pikel hits you with a +0 whip of freezing.
* * * LOW HITPOINT WARNING * * *
Pikel freezes you.
* * * LOW HITPOINT WARNING * * *
The lemure hits you but does no damage. The lemure hits you!
You die...
Your body crumbles into a pile of gold.

....... .......
#######
........#.......
................
................
.......5.......
......55K......
#.##..#@##.##.5 .
..#.....#........ ..
.....##....#.##.....
.##....##.#........
.....##......##.....
...#....>.##รท.......
.. #.##......#.....
......##.#.#..#
#.##.#.....#....#


You could see Pikel and 3 lemures.

Vanquished Creatures
  A water moccasin (D:3)
  An ogre (D:4)
  A lemure (D:4)
  A howler monkey (D:4)
  5 adders
  2 worms (D:2)
  4 dart slugs
  2 orcs (D:3)
  12 ball pythons
  4 endoplasms
  3 giant cockroaches
  2 goblins
  4 hobgoblins
  4 jackals
  5 bats
  3 frilled lizards (D:3)
  3 kobolds
  7 rats
64 creatures vanquished.

Vanquished Creatures (others)
  A plant (D:2)
1 creature vanquished.

Grand Total: 65 creatures vanquished

Notes
Turn   | Place    | Note
-------+----------+-------------------------------------------
     0 | D:1      | GigaChad the Minotaur Gladiator began the quest for the
                  | Orb.
     0 | D:1      | Reached XP level 1. HP: 18/18 MP: 0/0
   150 | D:1      | Found Memokoir's Weapon Emporium.
   240 | D:1      | Reached XP level 2. HP: 24/25 MP: 1/1
   260 | D:1      | Reached skill level 4 in Axes
   340 | D:1      | Found Zeti's Antique Weapon Boutique.
   466 | D:1      | Found Puxtej's Assorted Antiques.
   762 | D:1      | Found Coheu's General Store.
  1026 | D:2      | Reached XP level 3. HP: 29/30 MP: 2/2
  1781 | D:2      | Found a faded altar of an unknown god.
  2211 | D:3      | Reached XP level 4. HP: 38/38 MP: 3/3
  2376 | D:3      | Reached skill level 1 in Armour
  2450 | D:3      | Noticed a water moccasin
  2458 | D:3      | Killed a water moccasin
  2459 | D:3      | Reached skill level 5 in Axes
  2459 | D:3      | Reached XP level 5. HP: 21/46 MP: 4/4
  3480 | D:4      | Noticed an ogre
  3486 | D:4      | Killed an ogre
  3487 | D:4      | Reached skill level 6 in Axes
  3487 | D:4      | Reached XP level 6. HP: 52/52 MP: 5/5
  3495 | D:4      | Found a staircase to the Ecumenical Temple.
  3506 | Temple   | Entered the Ecumenical Temple
  3677 | Temple   | Became a worshipper of Gozag Ym Sagoz the Greedy
  3815 | D:4      | Noticed Pikel
  3827 | D:4      | Slain by a lemure

Illustrated notes

Levels and vault maps discovered:
D:1:      minmay_arrival_statue_studded, layout_basic, serial_shops, shop, shop,
          nicolae_shop_window_shopping, nicolae_shop_bloodbath_and_beyond,
          minivault_19, kennysheep_doodads, hex_medium, corexii_hall_statues_l,
          nrook_campfire, minivault_5
D:2:      layout_loops_ring, chequers_ecumenical_altar_lobes
D:3:      minmay_chambers_of_threes, layout_loops_corners
D:4:      layout_basic, minmay_temple_entry_ruins, uniq_pikel
Temple:   minmay_crystal_spiral_temple

Skill      XL: |  1  2  3  4  5 |
---------------+----------------+-----
Axes           | 4 5 6 |  6.3
Fighting       | 3 4 |  4.0
Armour         | 2 |  2.8
Dodging        | 4 |  4.3
Throwing       | |  2.1
Stealth        | |  0.8

Action                   |  1- 3 |  4- 6 || total
-------------------------+-------+-------++-------
Melee: War axe           |    76 |    55 ||   131
       Headbutt          |    11 |     9 ||    20
       Punch             |     3 |       ||     3
  Use: Scroll            |       |     1 ||     1
 Stab: Sleeping          |       |     1 ||     1
Armor: Leather armour    |    21 |    18 ||    39
Dodge: Dodged            |    54 |    52 ||   106
